 Dungeon Crawl Stone Soup version 0.26-a0-850-g97a50ab700 (webtiles) character file.

Game seed: 13180572172378259808

77397 robertstho the Severer (level 15, 0/99 HPs)
             Began as a Tengu Berserker on Nov 19, 2020.
             Was a High Priest of Trog.
             Slain by an elephant (12 damage)
             ... on level 6 of the Lair of Beasts on Nov 20, 2020.
             The game lasted 00:30:31 (20562 turns).

robertstho the Severer (Tengu Berserker)           Turns: 20562, Time: 00:30:31

Health: 0/99       AC: 21    Str: 23    XL:     15   Next: 56%
Magic:  16/16      EV: 14    Int:  8    God:    Trog [*****.]
Gold:   1506       SH: 12    Dex: 14    Spells: 14/14 levels left

rFire    . . .     SeeInvis .   P - +4 broad axe (flame)
rCold    + . .     Faith    .   B - +0 kite shield
rNeg     . . .     Spirit   .   p - +0 plate armour {rC+}
rPois    +         Reflect  .   (helmet restricted)
rElec    .         Harm     .   z - +2 cloak
rCorr    .         Rampage  .   F - +0 pair of gloves
MR       +++..                  (boots unavailable)
Stlth    ..........             D - amulet of regeneration
HPRegen  1.66/turn              c - +4 ring of slaying
MPRegen  0.15/turn              O - ring of poison resistance

@: berserk cooldown, flying quickly and evasively, regenerating, slowed, very
slow
A: beak, talons 3, able to fly
a: Stop Flying, Berserk, Trog's Hand, Brothers in Arms, Renounce Religion


You were on level 6 of the Lair of Beasts.
You worshipped Trog.
Trog was extremely pleased with you.
You visited 2 branches of the dungeon, and saw 20 of its levels.
You also visited: Ice Cave.

You collected 1506 gold pieces.

Inventory:

Hand Weapons
 P - a +4 broad axe of flaming (weapon)
Missiles
 b - 15 curare-tipped darts (quivered)
 U - 40 poisoned darts
Armour
 p - a +0 plate armour of cold resistance (worn)
 z - a +2 cloak (worn)
 B - a +0 kite shield (worn)
 F - a +0 pair of gloves (worn)
 Q - the +5 chain mail of Hairiness {MR+}
   (You found it on level 10 of the Dungeon)

   It affects your resistance to hostile enchantments.
 T - the +3 ring mail of the Lute {rElec rC- rN+ rCorr}
   (You found it on level 11 of the Dungeon)

   It makes you vulnerable to cold.
   It insulates you from electricity.
   It protects you from negative energy.
   It provides partial protection from all sources of acid and corrosion.
Jewellery
 c - a +4 ring of slaying (left hand)
 w - an uncursed ring of protection from cold
 y - an uncursed ring of protection from cold
 A - an uncursed ring of fire
 D - an amulet of regeneration (around neck)
 G - an uncursed ring of fire
 O - a ring of poison resistance (right hand)
Wands
 h - a wand of iceblast (18)
 t - a wand of acid (11)
 M - a wand of digging (4)
Scrolls
 f - 12 scrolls of amnesia {unknown}
 g - 5 scrolls of magic mapping
 i - 4 scrolls of fog {unknown}
 k - a scroll of noise {unknown}
 l - 14 scrolls of remove curse
 o - 2 scrolls of fear {unknown}
 q - a scroll of acquirement {unknown}
 s - 5 scrolls of blinking
 v - 8 scrolls of immolation
 x - 3 scrolls of teleportation
 E - 5 scrolls of holy word {unknown}
 H - 3 scrolls of summoning
 I - 5 scrolls of enchant armour {unknown}
 J - 2 scrolls of random uselessness {unknown}
 K - a scroll of identify
 N - 4 scrolls of enchant weapon
 R - 2 scrolls of silence
Potions
 a - 11 potions of haste
 d - 2 potions of heal wounds
 e - 3 potions of mutation
 j - 7 potions of ambrosia
 m - 2 potions of invisibility
 n - a potion of lignification
 r - a potion of cancellation
 C - a potion of magic
 L - 11 potions of curing
 V - 2 potions of might


   Skills:
 * Level 13.6 Fighting
 + Level 16.0 Axes
 * Level 13.2 Armour
 * Level 11.9 Dodging
 + Level 2.2 Stealth
 + Level 8.4 Shields


You had 14 spell levels left.
You didn't know any spells.
Your spell library was empty.

Dungeon Overview and Level Annotations

Branches:
Dungeon (14/15)            Temple (0/1) D:4            Lair (6/6) D:10
 Shoals (0/4) Lair:3        Snake (0/4) Lair:2          Orc (0/2) D:10
 Vaults (0/5) D:13          IceCv (visited)
  Slime: Lair:5-6

Altars:
Cheibriados
Dithmenos
Fedhas
Gozag
Qazlal
Trog
Uskayaw
Wu Jian
Zin

Shops:
D:10 =

Annotations:
D:12 1 runed translucent door, bjtr's ghost, journeyman GnCj


Innate Abilities, Weirdness & Mutations

You have a beak for a mouth.
You have claws for feet.
You can fly continuously.


Message History

* * * LOW HITPOINT WARNING * * *
You block the six-headed hydra's attack.
The six-headed hydra bites you but does no damage. x2
You block the six-headed hydra's attack.
The elephant barely misses you. x2
Your troll bites the elephant!
Your troll claws the elephant but does no damage.
Your troll claws the elephant!!
The dream sheep ruffles its wool and motes of dream dust sparkle, to no effect.
Your troll barely misses the six-headed hydra.
Your troll claws the six-headed hydra.
Your troll barely misses the six-headed hydra.
You block the six-headed hydra's attack.
The six-headed hydra bites you but does no damage.
The six-headed hydra barely misses you.
The six-headed hydra closely misses you.
The six-headed hydra barely misses you. The six-headed hydra bites you.
* * * LOW HITPOINT WARNING * * *
The elephant tramples you!
You die...

..................÷..............
.................................
........................<........
.................................
.............÷)BB...............(
...............Y...........#.#...
...#P#.....##.Y#Y.T####.#. ##.#.#
..P######.######YD.####### ####.
.### ### #@...##.#.#### ## .. #
#††.....#.#..####.
..#..####††...............
.......††.†...............
.....#.†#...###.#....#....
#P##..##.#.## ######P##### ##.
##### ### #


You could see a six-headed hydra, 2 elephants, a dream sheep, 2 worker ants and
a friendly troll (summoned, berserk).

Vanquished Creatures
  Snorg (D:11)
  Josephine (Lair:5)
  Fannar (D:12)
  A vault guard (D:13)
  A centaur warrior (D:13)
  A catoblepas (Lair:3)
  3 hydras
  3 boulder beetles
  4 two-headed ogres
  3 death yaks (Lair:6)
  Sonja (Lair:5)
  Nergalle (D:12)
  3 wizards
  Pikel (D:7)
  A necromancer (IceCv)
  2 lindwurms (Lair:6)
  An oklob plant (D:6)
  8 ugly things
  3 cyclopes
  3 manticores
  16 elephants
  3 ice statues (IceCv)
  3 black mambas
  Joseph (D:7)
  A centaur zombie (D:13)
  2 torpor snails
  25 cane toads
  6 rime drakes
  A gargoyle (D:14)
  5 komodo dragons
  A freezing wraith (D:14)
  4 trolls
  5 ice devils (IceCv)
  The ghost of Maimakterion the Digger, a novice VSEE of Kikubaaqudgha (D:5)
  5 polar bears
  24 blink frogs
  3 tyrant leeches (Lair:6)
  A snapping turtle (Lair:3)
  3 dream sheep (Lair:6)
  5 slime creatures (D:14)
  Eustachio (D:4)
  42 yaks
  2 wyverns
  4 wraiths
  5 vampire mosquitoes (Lair:6)
  4 basilisks
  13 humans (D:13)
  2 steam dragons (D:7)
  Menkaure (D:6)
  Edmund (D:6)
  A soldier ant (D:10)
  14 water moccasins
  Duvessa (D:4)
  A hornet zombie (D:11)
  2 sky beasts
  3 black bears
  An ice beast (shapeshifter) (D:14)
  2 orc warriors
  6 ice beasts
  2 eyes of draining
  2 phantoms
  5 ogres
  7 centaurs
  17 wolves
  2 big kobolds
  25 bullfrogs
  A wyvern zombie (D:14)
  7 earth elementals (D:13)
  Dowan (D:4)
  3 scorpions
  A wyvern skeleton (D:11)
  11 killer bees
  5 wights (D:10)
  8 howler monkeys
  4 electric eels (D:13)
  A quasit (D:9)
  Crazy Yiuf (D:3)
  A bullfrog zombie (D:6)
  A draconian simulacrum (IceCv)
  8 hounds
  A jelly (D:10)
  3 centaur skeletons
  Ijyb (D:3)
  3 bullfrog skeletons
  3 orc wizards
  4 iguanas
  13 worker ants
  5 troll simulacra (IceCv)
  3 centaur simulacra (IceCv)
  A bullfrog simulacrum (D:5)
  2 hound skeletons
  2 worker ant zombies
  Robin (D:4)
  7 gnolls
  A howler monkey skeleton (D:11)
  10 adders
  A naga simulacrum (IceCv)
  2 shadow imps (D:5)
  2 white imps
  A worker ant simulacrum (D:5)
  2 ufetubi
  An ooze (D:1)
  2 adder skeletons
  3 adder zombies
  6 worms
  7 dart slugs
  4 leopard geckos
  16 orcs
  5 bats
  3 giant cockroaches (D:1)
  16 goblins
  4 hobgoblins
  10 jackals
  18 kobolds
  7 quokkas
  A ball python (D:1)
  A ball python skeleton (D:4)
  5 frilled lizards
  A leopard gecko zombie (D:7)
  2 quokka simulacra (D:5)
  A quokka skeleton (D:4)
  12 rats
570 creatures vanquished.

Vanquished Creatures (collateral kills)
  The ghost of Wociock the Destroyer, a journeyman DgWz (D:14)
  2 vault guards (D:13)
  A catoblepas (D:13)
  2 necromancers (D:13)
  3 ugly things (D:14)
  A freezing wraith (D:14)
  3 ice devils (IceCv)
  A slime creature (D:14)
  5 humans (D:13)
  3 wraiths (D:14)
  A basilisk (D:13)
  An eye of draining (D:14)
  A bullfrog (D:14)
  A worker ant (D:14)
26 creatures vanquished.

Vanquished Creatures (others)
  39 fungi
  113 plants
152 creatures vanquished.

Grand Total: 748 creatures vanquished

Notes
Turn   | Place    | Note
-------+----------+-------------------------------------------
     0 | D:1      | robertstho the Tengu Berserker began the quest for the Orb.
     0 | D:1      | Reached XP level 1. HP: 14/14 MP: 2/2
    37 | D:1      | Reached XP level 2. HP: 19/19 MP: 3/3
   293 | D:1      | Reached XP level 3. HP: 23/23 MP: 4/4
   451 | D:1      | Reached ** piety under Trog
  1212 | D:2      | Reached XP level 4. HP: 29/29 MP: 5/5
  1625 | D:2      | Found an ornate altar of the Wu Jian Council.
  1625 | D:2      | Found a shadowy altar of Dithmenos.
  1630 | D:2      | Found a hide-covered altar of Uskayaw.
  1632 | D:2      | Found a faded altar of an unknown god.
  1633 | D:2      | Found a faded altar of an unknown god.
  1701 | D:2      | Reached skill level 4 in Axes
  1981 | D:3      | Noticed Ijyb
  1993 | D:3      | Killed Ijyb
  1994 | D:3      | Gained mutation: You can fly continuously. [Tengu growth]
  1994 | D:3      | Reached XP level 5. HP: 33/34 MP: 6/6
  2020 | D:3      | Reached *** piety under Trog
  2512 | D:3      | Found a runed translucent door.
  2513 | D:3      | Noticed Crazy Yiuf
  2519 | D:3      | Killed Crazy Yiuf
  2600 | D:4      | Noticed Duvessa
  2600 | D:4      | Noticed Dowan
  2608 | D:4      | Killed Duvessa
  2609 | D:4      | Reached skill level 1 in Stealth
  2609 | D:4      | Reached XP level 6. HP: 39/39 MP: 7/7
  2610 | D:4      | Killed Dowan
  2611 | D:4      | Reached skill level 5 in Axes
  2771 | D:4      | Found an opulent altar of Gozag.
  2776 | D:4      | Found a snail-covered altar of Cheibriados.
  2777 | D:4      | Noticed Robin
  2783 | D:4      | Killed Robin
  2788 | D:4      | Reached skill level 5 in Fighting
  2855 | D:4      | Reached XP level 7. HP: 44/44 MP: 8/8
  2975 | D:4      | Found a staircase to the Ecumenical Temple.
  3240 | D:4      | Noticed Eustachio
  3250 | D:4      | Killed Eustachio
  3259 | D:4      | Reached **** piety under Trog
  3655 | D:5      | Entered Level 5 of the Dungeon
  3691 | D:5      | Found a runed translucent gate.
  3912 | D:5      | Found a glowing silver altar of Zin.
  3917 | D:5      | Reached skill level 6 in Axes
  3929 | D:5      | Found a runed translucent gate.
  3929 | D:5      | Found a runed translucent gate.
  3985 | D:5      | Noticed Maimakterion's ghost (novice VSEE)
  4050 | D:5      | Reached skill level 1 in Shields
  4055 | D:5      | Reached XP level 8. HP: 41/51 MP: 9/9
  4233 | D:5      | Reached skill level 5 in Armour
  4682 | D:5      | Killed Maimakterion's ghost
  4754 | D:6      | Noticed Edmund
  4754 | D:6      | Noticed Menkaure
  4762 | D:6      | Killed Edmund
  4765 | D:6      | Killed Menkaure
  4766 | D:6      | HP: 1/76 [phantom (6)]
  4769 | D:6      | Reached skill level 7 in Axes
  5090 | D:6      | Reached skill level 5 in Dodging
  5169 | D:6      | Reached XP level 9. HP: 56/56 MP: 10/10
  5343 | D:6      | Found a blossoming altar of Fedhas.
  5354 | D:6      | Noticed an oklob plant
  5370 | D:6      | Killed an oklob plant
  5371 | D:6      | Reached skill level 8 in Axes
  5724 | D:6      | Found a stormy altar of Qazlal.
  6004 | D:7      | Noticed Joseph
  6015 | D:7      | Killed Joseph
  6203 | D:7      | Found a bloodstained altar of Trog.
  6609 | D:7      | Noticed Pikel
  6622 | D:7      | Killed Pikel
  6623 | D:7      | Reached skill level 9 in Axes
  6623 | D:7      | Reached XP level 10. HP: 45/63 MP: 11/11
  7127 | D:8      | Got a pitted flail
  7261 | D:8      | Noticed a two-headed ogre
  7268 | D:8      | Killed a two-headed ogre
  7569 | D:8      | Found a glowing silver altar of Zin.
  8318 | D:9      | Reached ***** piety under Trog
  8572 | D:9      | Reached skill level 10 in Axes
  8774 | D:10     | Entered Level 10 of the Dungeon
  8969 | D:10     | Got a heavily runed chain mail
  8979 | D:10     | Identified the +5 chain mail of Hairiness {MR+} (You found
                  | it on level 10 of the Dungeon)
  8981 | D:10     | Reached XP level 11. HP: 68/68 MP: 1/12
  9049 | D:10     | Noticed a manticore
  9058 | D:10     | Killed a manticore
  9084 | D:10     | Found a staircase to the Orcish Mines.
  9232 | D:10     | Found Cyhux's Jewellery Shoppe.
  9239 | D:10     | Upgraded the game from 0.26-a0-846-gcc8f1ee719 to
                  | 0.26-a0-850-g97a50ab700
  9389 | D:10     | Found a staircase to the Lair.
  9945 | D:11     | Reached skill level 5 in Shields
 10004 | D:11     | Noticed a boulder beetle
 10008 | D:11     | Noticed a two-headed ogre
 10009 | D:11     | Noticed a manticore
 10017 | D:11     | Killed a two-headed ogre
 10018 | D:11     | Reached skill level 11 in Axes
 10022 | D:11     | Killed a manticore
 10027 | D:11     | Killed a boulder beetle
 10062 | D:11     | Reached skill level 10 in Armour
 10084 | D:11     | Got a spiked ring mail
 10115 | D:11     | Noticed Snorg
 10122 | D:11     | Killed Snorg
 10180 | D:11     | Noticed a boulder beetle
 10194 | D:11     | Killed a boulder beetle
 10338 | D:11     | Got a bloodstained scale mail
 10469 | D:11     | Reached XP level 12. HP: 76/76 MP: 13/13
 10641 | D:11     | Identified the cursed +0 scale mail "Geubow" {Harm Slay-3
                  | SInv Stlth+} (You found it on level 11 of the Dungeon)
 10656 | D:11     | Identified the +3 ring mail of the Lute {rElec rC- rN+
                  | rCorr} (You found it on level 11 of the Dungeon)
 10886 | D:12     | Noticed Nergalle
 10901 | D:12     | Killed Nergalle
 11223 | D:12     | Found a runed translucent door.
 11224 | D:12     | Noticed bjtr's ghost (journeyman GnCj)
 11229 | D:12     | Noticed Fannar
 11242 | D:12     | Killed Fannar
 11243 | D:12     | Reached skill level 12 in Axes
 11689 | D:13     | Noticed a two-headed ogre
 11695 | D:13     | Killed a two-headed ogre
 12050 | D:13     | Noticed a catoblepas
 12066 | D:13     | Killed a catoblepas
 12066 | D:13     | Received a gift from Trog
 12067 | D:13     | Reached skill level 10 in Fighting
 12079 | D:13     | Identified the cursed +3 flail "Lythic" {vorpal, *Slow
                  | MR+++ Str-4 Int+2} (You found it on level 8 of the Dungeon)
 12766 | D:13     | Found a gate to the Vaults.
 12766 | D:13     | Noticed a vault guard
 12766 | D:13     | Noticed a vault guard
 12766 | D:13     | Noticed a vault guard
 12773 | D:13     | Killed a vault guard
 12777 | D:13     | Killed a vault guard
 12778 | D:13     | Reached skill level 13 in Axes
 12781 | D:13     | Killed a vault guard
 12782 | D:13     | Reached XP level 13. HP: 83/83 MP: 10/14
 13504 | D:14     | Reached skill level 10 in Dodging
 13524 | D:14     | Found a frozen archway.
 13561 | IceCv    | Entered an ice cave
 14503 | IceCv    | Reached skill level 14 in Axes
 15267 | D:14     | Found a runed translucent gate.
 15267 | D:14     | Found a runed translucent gate.
 15267 | D:14     | Found a runed translucent gate.
 15548 | D:14     | Noticed Wociock's ghost (journeyman DgWz)
 15622 | D:14     | Killed Wociock's ghost
 15623 | D:14     | Reached XP level 14. HP: 77/91 MP: 13/15
 15824 | Lair:1   | Entered Level 1 of the Lair of Beasts
 16069 | Lair:1   | Received a gift from Trog
 16968 | Lair:2   | Found a staircase to the Snake Pit.
 18223 | Lair:3   | Found a staircase to the Shoals.
 18235 | Lair:3   | Reached skill level 15 in Axes
 19667 | Lair:5   | Noticed Josephine
 19680 | Lair:5   | Killed Josephine
 19798 | Lair:5   | Noticed Sonja
 19809 | Lair:5   | Killed Sonja
 20112 | Lair:6   | Entered Level 6 of the Lair of Beasts
 20135 | Lair:6   | Reached XP level 15. HP: 74/98 MP: 16/16
 20231 | Lair:6   | Reached ****** piety under Trog
 20257 | Lair:6   | Received a gift from Trog
 20537 | Lair:6   | Reached skill level 16 in Axes
 20562 | Lair:6   | Slain by an elephant

Illustrated notes

Levels and vault maps discovered:
D:1:      moated_graveyard_arrival, layout_basic
D:2:      layout_loops_corners, chequers_temple_overflow_minitemple,
          minmay_randomly_rotated_circles
D:3:      layout_loops_ring, grunt_ministairs_8, grunt_decor_arrowhead,
          minmay_misc_feat_five, uniq_ijyb, uniq_crazy_yiuf_cottage
D:4:      layout_loops_corners, chequers_temple_overflow_statue_of_worship,
          temple_fountains, serial_rivers, chequers_serial_rivers_small_b,
          chequers_serial_rivers_micro_e, chequers_serial_rivers_marsh,
          chequers_serial_rivers_small_b, chequers_serial_rivers_micro_c,
          chequers_serial_rivers_small_b, uniq_duvessa, uniq_eustachio,
          uniq_robin
D:5:      layout_layer_cave, basic_altar, gammafunk_ghost_icy
D:6:      layout_loops_ring, nicolae_qazlal_general_emergency, tgw_fedhas,
          uniq_edmund, uniq_menkaure
D:7:      kennysheep_steamy, layout_loops_cross, hex_medium,
          trog_three_pillars_becter, uniq_pikel, uniq_joseph
D:8:      layout_basic, basic_altar
D:9:      layout_stronghold
D:10:     layout_loops_ring, lair_entry_dummy, orc_0_dummy, serial_shops,
          nicolae_shop_crystal
D:11:     layout_roguey, uniq_snorg
D:12:     layout_basic, ebering_ghost_inner_flame, uniq_nergalle, uniq_fannar
D:13:     statuecave_lemuel, layout_loops_ring, grunt_vaults_entry_tiered,
          hangedman_cracks_in_the_wall
D:14:     layout_cross, gammafunk_ghost_spectres,
          portal_ice_cave_entry_animals_and_master,
          ebering_dispersal_statue_hall, item_on_display_a
Lair:1:   layout_long_grid
Lair:2:   layout_cellular_growth, dummy_snake_entry, serial_bayou_pond_d
Lair:3:   layout_regular_city, minmay_shoals_entry_hut,
          small_statue_intersection, infiniplex_staircase_pool_2
Lair:4:   layout_loops_ring, serial_bayou_shore_b, lemuel_fruit_fields,
          grunt_megastairs_4
Lair:5:   layout_loops_ring, uniq_sonja, uniq_josephine
Lair:6:   minmay_lair_end_frog_pond, layout_long_grid, slime_dummy,
          minmay_another_anthill

Skill      XL: |  1  2  3  4  5  6  7  8  9 10 11 12 13 14 15 |
---------------+----------------------------------------------+-----
Fighting       | 4 5 6 7 8 9 10 11 13 | 13.6
Axes           | 4 5 6 7 9 10 11 13 14 15 16 | 16.0
Dodging        | 3 4 5 6 7 8 9 10 11 | 11.9
Armour         | 3 4 6 7 9 10 11 12 13 | 13.2
Stealth        | 1 2 |  2.2
Shields        | 1 3 4 5 6 7 8 |  8.4

Action                   |  1- 3 |  4- 6 |  7- 9 | 10-12 | 13-15 || total
-------------------------+-------+-------+-------+-------+-------++-------
Melee: Hand axe          |    57 |    40 |       |       |       ||    97
       Kick              |    14 |    22 |    57 |   147 |   278 ||   518
       Peck              |     6 |    12 |    30 |    79 |   164 ||   291
       War axe           |       |    45 |   169 |   383 |   607 ||  1204
       Broad axe         |       |       |       |       |   105 ||   105
Invok: Berserk           |     1 |     4 |     6 |    13 |    13 ||    37
       Brothers in Arms  |       |       |       |     4 |     4 ||     8
       Trog's Hand       |       |       |       |     2 |     3 ||     5
 Abil: Fly               |       |       |       |     1 |       ||     1
  Use: Potion            |       |       |     2 |     4 |     1 ||     7
       Scroll            |       |       |       |    13 |     9 ||    22
 Stab: Sleeping          |     2 |       |       |       |       ||     2
Armor: Animal skin       |    18 |       |       |       |       ||    18
       Scale mail        |       |    11 |       |       |       ||    11
       Chain mail        |       |    18 |    12 |    67 |       ||    97
       Plate armour      |       |       |    97 |    62 |   206 ||   365
       Ring mail         |       |       |       |    33 |    36 ||    69
Dodge: Dodged            |    48 |    27 |    34 |   147 |   353 ||   609
Block: Kite shield       |       |    10 |    73 |   173 |   335 ||   591

Table legend: (Time is in decaauts)
 A = Elapsed time spent in this place.
 B = Non-inter-level travel time spent in this place.
 C = Inter-level travel time spent in this place.
 D = Time resting spent in this place.
 E = Time spent auto-exploring this place.
 F = Levels seen in this place.
 G = Mean time per level.
                   A        B        C        D        E       F      G
               +--------+--------+--------+--------+--------+-----+--------+
         Total |  20374 |  19597 |    777 |   1552 |  14682 |  21 |  970.2 |
       Dungeon |  14649 |  13963 |    686 |    697 |  10867 |  14 | 1046.4 |
          Lair |   4397 |   4307 |     90 |     49 |   3545 |   6 |  732.8 |
      Ice Cave |   1327 |   1327 |      0 |    805 |    270 |   1 | 1327.0 |
               +--------+--------+--------+--------+--------+-----+--------+

Top non-repeatable levels by time:
    D:13: 1760 daAuts
     D:5: 1394 daAuts
   IceCv: 1327 daAuts
    D:11: 1243 daAuts
     D:4: 1102 daAuts
     D:9: 1089 daAuts
     D:7: 1031 daAuts
     D:6: 997 daAuts
  Lair:3: 941 daAuts
    D:14: 933 daAuts
  Lair:4: 926 daAuts
     D:1: 924 daAuts
    D:12: 919 daAuts
     D:2: 876 daAuts
     D:3: 847 daAuts
